 Dungeon Crawl Stone Soup version 0.21.0-25-ge575cb9 (webtiles) character file.

14692 ScottishVillain the Basher (level 11, -11/81 HPs)
             Began as a Demonspawn Wanderer on Jan 22, 2018.
             Was an Elder of Nemelex Xobeh.
             Hit by a large rock thrown by a cyclops (26 damage)
             ... on level 12 of the Dungeon on Jan 23, 2018.
             The game lasted 01:58:02 (12859 turns).

ScottishVillain the Basher (Demonspawn Wanderer)   Turns: 12859, Time: 01:58:03

Health: -11/81     AC: 18    Str: 14    XL:     11   Next: 92%
Magic:  0/24       EV: 13    Int: 18    God:    Nemelex Xobeh [****..]
Gold:   342        SH:  7    Dex: 18    Spells: 11/12 levels left

rFire    + . .     SeeInvis .   s - +5 whip (venom)
rCold    . . .     Gourm    +   q - +2 buckler {AC+3}
rNeg     . . .     Faith    .   G - +3 scale mail
rPois    .         Spirit   +   I - +3 hat of Pondering {ponderous, MR+ MP+10 Int+5}
rElec    .         Reflect  .   J - +0 cloak
rCorr    .         Harm     .   (no gloves)
MR       +....     Rnd*Rage +   (boots unavailable)
Stlth    +.........             Q - amulet of the gourmand
HPRegen  0.23/turn              H - +3 ring of dexterity
MPRegen  0.38/turn              y - ring of protection from fire

@: slow
A: hooves 3, horns 1, berserk 1, demonic guardian 1, magic shield, magic
regeneration, MP-powered wands
a: Triple Draw, Deal Four, Renounce Religion


You were on level 12 of the Dungeon.
You worshipped Nemelex Xobeh.
Nemelex Xobeh was greatly pleased with you.
You were not hungry.

You visited 2 branches of the dungeon, and saw 13 of its levels.

You collected 936 gold pieces.
You spent 594 gold pieces at shops.

Inventory:

Hand Weapons
 h - a +4 hunting sling
 s - a +5 whip of venom (weapon)
 x - a +0 rapier of draining
 L - a +3 dire flail
 S - a -3 dagger
Missiles
 i - 98 sling bullets
 P - 4 tomahawks of returning (quivered)
Armour
 q - a +2 buckler of protection (worn)
 v - a +2 troll leather armour {Snorg}
 G - a +3 scale mail (worn)
 I - the +3 hat of Pondering (worn) {ponderous, MR+ MP+10 Int+5}
   (You took it off Gastronok on level 10 of the Dungeon)

   It affects your intelligence (+5).
   It affects your resistance to hostile enchantments.
   It affects your magic capacity (+10).
 J - a +0 cloak (worn)
 M - a +0 crystal plate armour
Magical Staves
 A - an uncursed staff of conjuration
Jewellery
 l - an uncursed ring of flight
 n - an uncursed amulet of rage
 y - a ring of protection from fire (right hand)
 H - a +3 ring of dexterity (left hand)
 Q - an amulet of the gourmand (around neck)
Wands
 m - a wand of flame (17)
 t - a wand of acid (3)
 B - a wand of disintegration (6)
 K - a wand of digging (19)
Scrolls
 b - a scroll of fog
 g - 3 scrolls of remove curse
 u - 6 scrolls of teleportation
 w - a scroll of amnesia
 E - a scroll of identify
 R - a scroll of fear
Potions
 c - a potion of curing
 d - a potion of magic
 e - a potion of cancellation
 j - a potion of agility
 k - 2 potions of might
 o - a potion of haste
 C - a potion of lignification
 F - a potion of mutation
 N - 2 potions of brilliance
Books
 O - a book of Cantrips

   Spells                             Type                      Level
   a - Confusing Touch                Hexes                        1
   b - Animate Skeleton               Necromancy                   1
   c - Summon Small Mammal            Summoning                    1
   d - Apportation                    Translocation                1
Miscellaneous
 a - a fan of gales
 p - a plain deck of escape {drawn: 1}
 r - an ornate deck of summoning
 z - a plain deck of summoning {drawn: 10}
 D - a plain deck of escape
Comestibles
 f - 12 rations


   Skills:
 + Level 6.3 Fighting
 + Level 4.5 Short Blades
 + Level 9.5 Maces & Flails
 + Level 1.7(2.9) Slings
 + Level 3.5(3.8) Throwing
 + Level 8.6 Armour
 + Level 6.0 Dodging
 + Level 4.0 Stealth
 - Level 4.1 Shields
 + Level 1.0 Spellcasting
   Level 1.0 Conjurations
   Level 1.0 Ice Magic
 + Level 4.8 Invocations
 + Level 4.0 Evocations


You had 11 spell levels left.
You knew the following spells:

 Your Spells              Type           Power        Failure   Level  Hunger
a - Animate Skeleton      Necr           N/A          56%         1    ##.....


Dungeon Overview and Level Annotations

Branches:
Dungeon (12/15)            Temple (1/1) D:7            Lair (0/6) D:11
    Orc: D:9-12

Altars:
Ashenzari
Cheibriados
Dithmenos
Elyvilon
Fedhas
Gozag
Hepliaklqana
Kikubaaqudgha
Makhleb
Nemelex Xobeh
Okawaru
Qazlal
Ru
Sif Muna
Trog
Uskayaw
Vehumet
Wu Jian
Xom
Yredelemnul
Zin
The Shining One
Beogh

Shops:
D:4 *   D:6 =   D:10 :


Innate Abilities, Weirdness & Mutations

You have hooves in place of feet.
A weak demonic guardian rushes to your aid.
When hurt, damage is shared between your health and your magic reserves.
You regenerate magic rapidly.
You have a pair of small horns on your head.
You tend to lose your temper in combat.
You expend magic power (3 MP) to strengthen your wands.


Message History

The centaur is almost dead.
You block the centaur's attack.
You hit the centaur but do no damage.
The centaur is poisoned.
The centaur is almost dead.
The centaur misses you.
You hit the centaur.
You kill the centaur!
Your Dodging skill increases to level 6!
The cyclops hits you but does no damage.
The cyclops hits you!!
Things that are here:
3 large rocks; 16 arrows You hit the cyclops.
The cyclops is poisoned.
You headbutt the cyclops.
The cyclops is heavily wounded.
The cyclops hits you!!
* * * LOW HITPOINT WARNING * * *
The cyclops throws a large rock.
The large rock barely misses you.
The cyclops throws a large rock.
The large rock hits you!!
You die...
Your body glows slightly and disappears.

#.......
.....#.......##...... ....#
.......#...... #...# ......
#......
#...####'#'###)..... #....
.............
#...#####...........
#...#...#...........
+.5@#...'...........
.#####+#...#...#...........
....[..C...#...#...........
...(((.....#...#...........
(.)))()(.((#####.........##
.#######..(.........###..#
###########..# ..# #..# ###
#..#


You could see a cyclops and a friendly ufetubus.

Vanquished Creatures
  Gastronok (D:10)
  Erolcha (D:11)
  2 two-headed ogres
  2 unseen horrors (D:10)
  An ugly thing (D:12)
  An elephant (D:11)
  A centaur skeleton (D:10)
  A hippogriff (D:11)
  5 yaks
  2 wraiths (D:12)
  A spriggan (D:7)
  2 basilisks (D:11)
  2 hungry ghosts
  A soldier ant (D:11)
  8 orc warriors
  A sky beast (D:8)
  A hornet zombie (D:9)
  A necrophage (D:9)
  10 centaurs
  11 ogres
  2 phantoms
  A crocodile (D:12)
  3 bullfrogs
  2 scorpions
  6 wights (D:9)
  13 killer bees
  A howler monkey (D:10)
  2 electric eels (D:9)
  2 crimson imps
  A bullfrog zombie (D:5)
  A quasit (D:7)
  2 centaur zombies
  3 hounds
  2 jellies (D:9)
  3 bullfrog skeletons
  9 orc priests
  Jessica (D:3)
  2 iguanas (D:9)
  7 orc wizards
  7 worker ants
  A hound skeleton (D:4)
  A mummy (D:9)
  3 howler monkey skeletons
  4 worker ant zombies
  3 gnolls (D:6)
  14 adders
  2 shadow imps
  2 adder skeletons
  An adder zombie (D:9)
  3 worms
  3 dart slugs
  3 leopard geckos
  49 orcs
  10 bats
  6 giant cockroaches
  7 goblins
  6 hobgoblins
  3 jackals (D:9)
  6 quokkas
  A ball python (D:2)
  5 frilled lizards
  9 kobolds
  A leopard gecko skeleton (D:4)
  6 rats
  A bush (D:9)
  A plant (D:2)
276 creatures vanquished.

Vanquished Creatures (collateral kills)
  Snorg (D:11)
  Josephine (D:12)
  2 wraiths (D:12)
  2 yaks (D:9)
  4 orc warriors
  A black bear (D:9)
  A hornet zombie (D:9)
  2 centaurs
  A big kobold (D:9)
  3 killer bees
  A crimson imp (D:5)
  A hound (D:5)
  A bullfrog zombie (D:6)
  An orc priest (D:5)
  3 orc wizards (D:5)
  2 iguanas
  2 worker ants
  A dart slug (D:5)
  2 leopard geckos
  8 orcs
  8 jackals
  2 kobolds (D:9)
  2 plants (D:2)
52 creatures vanquished.

Vanquished Creatures (others)
  A hornet (D:12)
  An orc priest (D:12)
  An orc (D:4)
3 creatures vanquished.

Grand Total: 331 creatures vanquished

Notes
Turn   | Place    | Note
-------+----------+-------------------------------------------
     0 | D:1      | ScottishVillain the Demonspawn Wanderer began the quest for the Orb.
     0 | D:1      | ScottishVillain set off with: a fan of gales, a +0 short sword, a potion of curing, a +0 robe, a ration
     0 | D:1      | Reached XP level 1. HP: 15/15 MP: 2/2
   272 | D:1      | Gained mutation: You have large cloven feet. [demonic ancestry]
   272 | D:1      | Reached XP level 2. HP: 21/21 MP: 3/3
  1139 | D:2      | Reached XP level 3. HP: 26/26 MP: 4/4
  1372 | D:2      | Found a sparkling altar of Nemelex Xobeh.
  1372 | D:2      | Found a radiant altar of Vehumet.
  1380 | D:2      | Found a glowing golden altar of the Shining One.
  1436 | D:2      | Became a worshipper of Nemelex Xobeh the Trickster
  1622 | D:2      | Received a gift from Nemelex Xobeh
  1755 | D:2      | Found a faded altar of an unknown god.
  2051 | D:2      | Found a blossoming altar of Fedhas.
  2148 | D:2      | Reached skill level 1 in Armour
  2148 | D:2      | Reached XP level 4. HP: 26/32 MP: 5/5
  2472 | D:3      | Noticed Jessica
  2476 | D:3      | Killed Jessica
  2915 | D:3      | Reached skill level 1 in Slings
  3289 | D:3      | Reached * piety under Nemelex Xobeh
  3299 | D:3      | Gained mutation: You have hoof-like feet. [demonic ancestry]
  3299 | D:3      | Reached XP level 5. HP: 38/38 MP: 6/6
  3676 | D:4      | Found Ryriwiti's Assorted Antiques.
  3684 | D:4      | Reached skill level 1 in Maces & Flails
  3700 | D:4      | Bought a scroll labeled IMAZADE JUMM for 19 gold pieces
  3700 | D:4      | Bought a scroll labeled ZEAREL WIUBREZ for 19 gold pieces
  3700 | D:4      | Bought a scroll labeled WAXZABB GIET for 19 gold pieces
  3700 | D:4      | Bought a scroll labeled ZIUMOUNOUM for 19 gold pieces
  3700 | D:4      | Bought a scroll labeled ZIUMOUNOUM for 19 gold pieces
  3978 | D:4      | Reached XP level 6. HP: 25/44 MP: 7/7
  4121 | D:4      | Reached skill level 1 in Invocations
  4163 | D:4      | Reached skill level 1 in Dodging
  4263 | D:4      | Received a gift from Nemelex Xobeh
  4355 | D:5      | Entered Level 5 of the Dungeon
  4418 | D:5      | Reached skill level 2 in Maces & Flails
  4560 | D:5      | Gained mutation: A weak demonic guardian rushes to your aid. [demonic ancestry]
  4560 | D:5      | Reached XP level 7. HP: 45/51 MP: 8/8
  4576 | D:5      | Received a gift from Nemelex Xobeh
  4897 | D:5      | Reached ** piety under Nemelex Xobeh
  5409 | D:6      | Reached skill level 3 in Maces & Flails
  5502 | D:6      | Reached skill level 1 in Shields
  5899 | D:6      | Gained mutation: You have hooves in place of feet. [demonic ancestry]
  5899 | D:6      | Reached XP level 8. HP: 57/57 MP: 9/9
  5911 | D:6      | Reached skill level 4 in Maces & Flails
  6194 | D:6      | Found Gepaty's Jewellery Shop.
  6363 | D:7      | Found a staircase to the Ecumenical Temple.
  6372 | Temple   | Entered the Ecumenical Temple
  6660 | D:6      | Bought a +3 ring of dexterity for 219 gold pieces
  6715 | D:7      | Found a hazy altar of Hepliaklqana.
  7321 | D:8      | Reached skill level 5 in Maces & Flails
  7397 | D:8      | Reached *** piety under Nemelex Xobeh
  7432 | D:8      | Received a gift from Nemelex Xobeh
  7602 | D:8      | Gained mutation: When hurt, damage is shared between your health and your magic reserves. [demonic ancestry]
  7602 | D:8      | Reached XP level 9. HP: 38/64 MP: 10/10
  8108 | D:9      | Reached skill level 5 in Armour
  8134 | D:9      | Reached skill level 6 in Maces & Flails
  8342 | D:9      | Found a shimmering altar of Xom.
  8376 | D:9      | Reached skill level 1 in Throwing
  9052 | D:9      | Noticed a two-headed ogre
  9095 | D:9      | Killed a two-headed ogre
  9095 | D:9      | Reached skill level 7 in Maces & Flails
  9095 | D:9      | Reached XP level 10. HP: 60/73 MP: 7/12
  9619 | D:10     | Entered Level 10 of the Dungeon
  9622 | D:10     | Noticed a two-headed ogre
  9639 | D:10     | Killed a two-headed ogre
  9720 | D:10     | Received a gift from Nemelex Xobeh
  9729 | D:10     | Noticed Gastronok
  9759 | D:10     | Killed Gastronok
  9759 | D:10     | Reached skill level 5 in Fighting
  9759 | D:10     | Reached skill level 8 in Maces & Flails
  9759 | D:10     | Reached skill level 5 in Dodging
 10445 | D:10     | Gained mutation: You expend magic power (3 MP) to strengthen your wands. [potion of mutation]
 10445 | D:10     | Gained mutation: You tend to lose your temper in combat. [potion of mutation]
 10445 | D:10     | Gained mutation: You have a pair of small horns on your head. [potion of mutation]
 10461 | D:10     | Killed an unseen horror
 10461 | D:10     | Gained mutation: You regenerate magic rapidly. [demonic ancestry]
 10461 | D:10     | Reached XP level 11. HP: 73/80 MP: 14/14
 10515 | D:10     | Reached **** piety under Nemelex Xobeh
 10689 | D:10     | Killed an unseen horror
 10739 | D:10     | Found Ynehich's Book Boutique.
 10760 | D:10     | Bought a book of Cantrips for 280 gold pieces
 10762 | D:10     | Learned a level 1 spell: Animate Skeleton
 11288 | D:11     | Found a roughly hewn altar of Beogh.
 11353 | D:11     | Noticed Erolcha
 11356 | D:11     | Killed Erolcha
 11420 | D:11     | Received a gift from Nemelex Xobeh
 11422 | D:11     | Noticed Snorg
 11436 | D:11     | Killed Snorg
 11436 | D:11     | Reached skill level 9 in Maces & Flails
 11785 | D:11     | Found a staircase to the Lair.
 12139 | D:12     | Noticed Josephine
 12151 | D:12     | Killed Josephine
 12360 | D:12     | Noticed a white ugly thing
 12375 | D:12     | Killed a white ugly thing
 12527 | D:12     | Paralysed by a hornet for 1 turns
 12859 | D:12     | Hit by a large rock thrown by a cyclops

Skill      XL: |  1  2  3  4  5  6  7  8  9 10 11 |
---------------+----------------------------------+-----
Short Blades   | 4 |  4.5
Armour         | 1 2 3 4 6 7 8 |  8.6
Slings         | 1 |  1.7
Stealth        | 2 3 4 |  4.0
Fighting       | 2 3 4 5 6 |  6.3
Maces & Flails | 1 2 3 5 7 8 9 |  9.5
Invocations    | 1 2 3 4 |  4.8
Dodging        | 1 2 3 4 5 6 |  6.0
Shields        | 1 2 4 |  4.1
Throwing       | 1 3 |  3.5
Evocations     | 2 4 |  4.0
Spellcasting   | |  1.0
Conjurations   | |  1.0
Ice Magic      | |  1.0

Action                   |  1- 3 |  4- 6 |  7- 9 | 10-12 || total
-------------------------+-------+-------+-------+-------++-------
Melee: Short sword       |   109 |     5 |       |       ||   114
       Kick              |    21 |    32 |   126 |   128 ||   307
       Whip              |       |   122 |   388 |   303 ||   813
       Headbutt          |       |       |       |    51 ||    51
 Fire: Hunting sling     |       |    29 |       |    17 ||    46
Throw: Tomahawk          |       |       |    10 |    16 ||    26
 Cast: Animate Skeleton  |       |       |       |     2 ||     2
Invok: Triple Draw       |       |       |     1 |       ||     1
       Deal Four         |       |       |       |     1 ||     1
 Abil: Evoke Berserk Rag |       |       |       |     1 ||     1
Evoke: Deck              |     2 |     8 |     8 |     6 ||    24
       Fan of gales      |       |     1 |       |       ||     1
       Wand              |       |       |     4 |    24 ||    28
  Use: Scroll            |     6 |     8 |     7 |     7 ||    28
       Potion            |       |       |     6 |     8 ||    14
 Stab: Sleeping          |     3 |     1 |     1 |       ||     5
       Distracted        |       |       |     2 |     2 ||     4
  Eat: Ration            |     1 |     3 |     5 |     2 ||    11
       Chunk             |       |       |     2 |    10 ||    12
Armor: Leather armour    |    12 |       |       |       ||    12
       Ring mail         |    20 |    58 |    84 |       ||   162
       Scale mail        |       |       |    64 |    94 ||   158
Dodge: Dodged            |    72 |    65 |   163 |   159 ||   459
Block: Buckler           |       |    18 |   119 |   107 ||   244
